 Dungeon Crawl Stone Soup version 0.17-a0-633-gcf22183 (webtiles) character file.

232402 BluebellGnoll the Warrior (level 18, -3/176 HPs)
             Began as a Minotaur Gladiator on Apr 16, 2015.
             Was the Champion of Makhleb.
             Slain by an Executioner (13 damage)
             ... on level 1 of the Abyss on Apr 17, 2015.
             The game lasted 03:03:05 (34774 turns).

BluebellGnoll the Warrior (Minotaur Gladiator)     Turns: 34774, Time: 03:03:06

Health: -3/176     AC: 24    Str: 39    XL:     18   Next: 82%
Magic:  26/26      EV: 10    Int:  5    God:    Makhleb [******]
Gold:   844        SH:  6    Dex: 17    Spells: 2 memorised, 12 levels left

rFire  . . .     SeeInvis .     a - +6 war axe (elec)
rCold  . . .     Clarity  .     Q - +1 plate armour {rPois}
rNeg   . . .     SustAb   .     y - +2 buckler {rPois}
rPois  +         Gourm    .     c - +0 hat
rElec  .         Spirit   .     p - +2 cloak
rCorr  +         Warding  .     K - +2 pair of gloves "Ceaxamesk" {Str+3 Dex+3}
rMut   .         Stasis   .     (no boots)
MR     ++...                    J - amulet of resist corrosion
Stlth  ..........               V - +6 ring of strength
                                i - ring of protection from magic

@: mighty, very resistant to hostile enchantments, extremely unstealthy
A: retaliatory headbutt, horns 2
a: Minor Destruction, Lesser Servant of Makhleb, Major Destruction, Greater
Servant of Makhleb, Renounce Religion
}: 1/15 runes: barnacled


You were on level 1 of the Abyss.
You worshipped Makhleb.
Makhleb was exalted by your worship.
You were not hungry.

You visited 6 branches of the dungeon, and saw 34 of its levels.
You visited the Abyss 1 time.
You also visited: Ice Cave.

You collected 5296 gold pieces.
You spent 4452 gold pieces at shops.

Inventory:

Hand weapons
 a - a +6 war axe of electrocution (weapon)
 b - a +0 blowgun
Missiles
 d - 8 throwing nets
 o - 93 tomahawks (quivered)
 T - 14 curare-tipped needles
 Z - 24 javelins of penetration
Armour
 c - a +0 hat (worn)
 p - a +2 cloak (worn)
 y - a +2 buckler of poison resistance (worn)
 K - the +2 pair of gloves "Ceaxamesk" (worn) {Str+3 Dex+3}
   (You bought it in a shop on level 12 of the Dungeon)

   It affects your strength (+3).
   It affects your dexterity (+3).
 Q - a +1 plate armour of poison resistance (worn)
Rods
 g - a +7 rod of clouds (10/10)
   (You bought it in a shop on level 12 of the Dungeon)
Jewellery
 f - an uncursed ring of protection from cold
 i - a ring of protection from magic (left hand)
 A - an uncursed ring of poison resistance
 J - an amulet of resist corrosion (around neck)
 V - a +6 ring of strength (right hand)
 Y - an uncursed ring of protection from fire
Magical devices
 x - a wand of hasting (3)
 z - a wand of confusion (17)
 B - a wand of fire (9)
 C - a wand of draining (8)
 N - a wand of cold (9)
 U - a wand of fireball (7)
Scrolls
 e - 8 scrolls of magic mapping
 j - 4 scrolls of teleportation
 k - 2 scrolls of blinking
 r - 2 scrolls of remove curse
 D - a scroll of identify
 F - 8 scrolls of immolation
 I - a scroll of holy word
 M - 2 scrolls of recharging
 R - 5 scrolls of fog
 X - 3 scrolls of fear
Potions
 h - a potion of heal wounds
 l - 3 potions of berserk rage
 m - 2 potions of cure mutation
 n - 7 potions of agility
 t - 6 potions of might
 u - 3 potions of brilliance
 H - 2 potions of invisibility
 O - 9 potions of curing
 S - a potion of cancellation
 W - 4 potions of resistance
Miscellaneous
 q - a phial of floods
 w - a lantern of shadows
 P - a lamp of fire
Comestibles
 v - 22 meat rations


   Skills:
 - Level 19.3 Fighting
 + Level 18.6 Axes
 - Level 10.6 Throwing
 - Level 14.0 Armour
 - Level 3.2 Dodging
 - Level 10.0 Stealth
 - Level 3.5 Charms
 - Level 11.4 Invocations
 - Level 13.0 Evocations


You had 12 spell levels left.
You knew the following spells:

 Your Spells              Type           Power        Failure   Level  Hunger
a - Regeneration          Chrm/Necr      #.........   100%        3    ####...
b - Shroud of Golubria    Chrm/Tloc      #.........   100%        2    ###....


Dungeon Overview and Level Annotations

Branches:
Dungeon (15/15)            Temple (1/1) D:6            Lair (8/8) D:8
 Shoals (5/5) Lair:4        Slime (0/6) Lair:7          Orc (4/4) D:10
    Elf (0/3) Orc:4        Vaults (1/5) D:13
  Snake: Lair:3-6    Spider: Lair:3-6    Depths: D:15

Altars:
Ashenzari
Cheibriados
Dithmenos
Elyvilon
Fedhas
Gozag
Kikubaaqudgha
Makhleb
Nemelex Xobeh
Okawaru
Qazlal
Ru
Sif Muna
Trog
Vehumet
Xom
Yredelemnul
Zin
The Shining One
Beogh

Shops:
D:6 !   D:7 }   D:9 :   D:12 *(=[   Orc:4 :!*([   Shoals:2 [

Portals:
Hell: Lair:8
Trove: D:13 (give +6 demon blade)


Innate Abilities, Weirdness & Mutations

You reflexively headbutt those who attack you in melee.
You have a pair of horns on your head.


Message History

The Executioner closely misses you.
The Executioner hits you but does no damage.
Tentacles burst from the starspawn's body!
The Executioner hits you but does no damage. x2
You block the Executioner's attack.
You closely miss the Executioner.
The Executioner is almost dead.
You block the Executioner's attack.
The Executioner hits you but does no damage.
The Executioner misses you. The Executioner hits you!
* * * LOW HITPOINT WARNING * * *
You block the Executioner's attack.
The Executioner hits you but does no damage.
You barely miss the Executioner.
The Executioner is almost dead.
The Executioner hits you but does no damage.
The Executioner barely misses you.
The Executioner hits you but does no damage.
The Executioner hits you!
You die...

. . .#. # ##. .. #. ##
# # # # #.#. ##.# #.##.
# .. ###.. ###.#.#.. .
. . . .... ........ .
... .. ...............
. #. . #.... ....# ..#
#.. ###... ##...##
#..... .... #@1..?# .
.................ww....
.... . ...........**..
. ...............X..
..#.....#.....#.. #
#...###...## ......
...# ... ...# ... $..


You could see a tentacled starspawn, an Executioner and 2 starspawn tentacles.

Vanquished Creatures
  Jorgrun (Shoals:2)
  Rupert (D:14)
  A tentacled starspawn (Abyss:1)
  A kraken (Shoals:4)
  Ilsuiw (Shoals:5)
  2 frost giants
  Aizul (Vaults:1)
  2 orc warlords (Orc:4)
  A vault warden (Vaults:1)
  5 ironheart preservers (Vaults:1)
  A stone giant (Vaults:1)
  A war gargoyle (Vaults:1)
  A dire elephant (Lair:8)
  8 merfolk javelineers
  A fire dragon (Lair:8)
  10 merfolk impalers
  Josephine (Lair:8)
  5 vault guards (D:13)
  2 yaktaur captains (Vaults:1)
  A rakshasa (D:14)
  5 hydras
  5 merfolk avatars
  2 satyrs
  8 centaur warriors
  2 ogre magi (Vaults:1)
  A merfolk aquamancer (Shoals:5)
  2 tengu warriors (D:15)
  Urug (Orc:2)
  A storm dragon zombie (Abyss:1)
  Sonja (Orc:4)
  A deep elf knight (Vaults:1)
  A shadow wraith (Vaults:1)
  16 sea snakes
  A hell beast (Lair:8)
  4 deep trolls (Vaults:1)
  2 wizards
  3 unseen horrors
  A swamp dragon (shapeshifter) (D:14)
  2 ice statues
  A giant orange brain (shapeshifter) (Vaults:1)
  19 harpies
  6 hill giants
  5 orc knights
  2 ironbrand convokers (Vaults:1)
  3 fauns (Shoals:3)
  9 ugly things
  11 griffons
  A deep elf conjurer (Orc:4)
  A salamander (shapeshifter) (Vaults:1)
  An oklob plant (Lair:3)
  11 water nymphs
  A wolf spider (Vaults:1)
  13 manticores
  4 orc sorcerers
  5 centaur zombies
  6 elephants
  7 orange demons (Lair:8)
  11 sirens
  7 cyclopes
  12 spiny frogs
  4 black mambas
  A vault sentinel (Vaults:1)
  2 drowned souls (Shoals:4)
  A spiny frog (shapeshifter) (Vaults:1)
  2 centaur skeletons
  A kobold demonologist (D:12)
  A redback zombie (D:15)
  6 komodo dragons
  19 yaktaurs
  An efreet (D:14)
  5 fire drakes
  A hellwing (Lair:8)
  A queen bee (shapeshifter) (Vaults:1)
  4 trolls
  11 blink frogs
  38 merfolk
  A red devil (Lair:8)
  A tengu conjurer (D:13)
  4 wind drakes
  15 polar bears (IceCv)
  3 blue devils
  19 snapping turtles
  4 freezing wraiths
  3 slime creatures (Vaults:1)
  Prince Ribbit (D:7)
  A raven (D:15)
  3 two-headed ogres
  3 boulder beetles
  3 water elementals
  A trapdoor spider (D:11)
  6 wraiths
  3 wyverns
  4 basilisks
  91 yaks
  A human (D:13)
  15 deep elf fighters
  14 hippogriffs
  3 hungry ghosts
  13 vampire mosquitoes
  3 shadows
  5 deep elf magi
  Grum (D:11)
  33 wolves
  A soldier ant (D:11)
  A mottled dragon (D:13)
  5 wargs
  15 water moccasins
  40 orc warriors
  2 wasps
  10 ice beasts
  2 sky beasts (D:12)
  A necrophage (D:6)
  7 porcupines
  17 ogres
  4 phantoms
  21 centaurs
  An eye of draining (D:15)
  3 boggarts (Vaults:1)
  16 crocodiles
  5 boring beetles
  20 giant frogs
  2 small abominations (Abyss:1)
  3 big kobolds
  A wyvern skeleton (D:9)
  8 killer bees
  7 jellies
  4 scorpions
  19 wights
  2 electric eels
  8 crimson imps
  6 hounds
  A quasit (D:6)
  A wasp zombie (D:13)
  4 giant frog zombies
  35 orc priests
  27 orc wizards
  Crazy Yiuf (D:7)
  4 giant frog skeletons
  13 worker ants
  21 sheep
  14 iguanas
  An ogre zombie (Orc:4)
  A hound skeleton (D:8)
  10 adders
  An orc skeleton (Orc:4)
  28 river rats
  3 shadow imps
  A white imp (D:12)
  An ufetubus (Abyss:1)
  3 oozes
  2 worms
  8 giant geckos
  183 orcs
  3 ball pythons
  4 giant cockroaches
  18 hobgoblins
  22 jackals
  23 kobolds
  16 bats
  A giant cockroach zombie (D:6)
  A giant gecko zombie (D:6)
  8 giant newts
  18 goblins
  A jackal zombie (D:7)
  7 orc zombies (Orc:4)
  6 quokkas
  A quokka skeleton (D:5)
  A quokka zombie (D:9)
  16 rats
  5 ballistomycetes (D:11)
  A bush (Lair:8)
  9 fungi
  20 plants
  4 tentacles (Shoals:4)
1373 creatures vanquished.

Vanquished Creatures (others)
  5 drowned souls
  An orc (Orc:1)
  A giant spore (D:11)
  2 plants
  2 starspawn tentacles (Abyss:1)
  3 starspawn tentacle segments (Abyss:1)
  5 tentacles (Shoals:4)
  240 tentacle segments (Shoals:4)
259 creatures vanquished.

Grand Total: 1632 creatures vanquished

Notes
Turn   | Place    | Note
--------------------------------------------------------------
     0 | D:1      | BluebellGnoll, the Minotaur Gladiator, began the quest for the Orb.
     0 | D:1      | Reached XP level 1. HP: 18/18 MP: 0/0
   226 | D:1      | Reached XP level 2. HP: 19/26 MP: 1/1
   709 | D:1      | Reached skill level 4 in Fighting
   792 | D:2      | Reached XP level 3. HP: 30/33 MP: 2/2
   811 | D:2      | Found a shadowy altar of Dithmenos.
  1156 | D:2      | Reached skill level 5 in Axes
  1156 | D:2      | Reached XP level 4. HP: 30/40 MP: 3/3
  1610 | D:3      | Reached skill level 6 in Axes
  1613 | D:3      | Reached XP level 5. HP: 13/46 MP: 4/4
  1867 | D:3      | Found an opulent altar of Gozag.
  2531 | D:4      | Noticed a phantom
  2538 | D:4      | Killed a phantom
  2538 | D:4      | Reached skill level 7 in Axes
  2538 | D:4      | Reached XP level 6. HP: 46/52 MP: 5/5
  2666 | D:4      | Reached skill level 8 in Axes
  2899 | D:5      | Entered Level 5 of the Dungeon
  2922 | D:5      | Reached skill level 1 in Armour
  3103 | D:5      | Reached XP level 7. HP: 17/59 MP: 6/6
  3593 | D:6      | Found a staircase to the Ecumenical Temple.
  3599 | Temple   | Entered the Ecumenical Temple
  3677 | Temple   | Became a worshipper of Makhleb the Destroyer
  3737 | D:6      | Reached skill level 5 in Armour
  3801 | D:6      | Found Ivusot's Distillery.
  3810 | D:6      | Bought a potion of poison for 12 gold pieces
  3810 | D:6      | Bought a potion of agility for 48 gold pieces
  3810 | D:6      | Bought a potion of degeneration for 12 gold pieces
  3810 | D:6      | Bought a potion of berserk rage for 60 gold pieces
  3896 | D:6      | Reached skill level 9 in Axes
  3896 | D:6      | Reached XP level 8. HP: 58/66 MP: 7/7
  4185 | D:7      | Found an ancient bone altar of Kikubaaqudgha.
  4361 | D:7      | Noticed Prince Ribbit
  4377 | D:7      | Killed Prince Ribbit
  4377 | D:7      | Reached skill level 10 in Axes
  4421 | D:7      | Acquired Makhleb's first power
  4488 | D:7      | Noticed Crazy Yiuf
  4491 | D:7      | Killed Crazy Yiuf
  4500 | D:7      | Got a shimmering hammer
  4501 | D:7      | Identified the cursed +0 hammer "Veeh" {drain, *Rage rElec MR- Str+2} (You found it on level 7 of the Dungeon)
  4544 | D:7      | Reached skill level 11 in Axes
  4787 | D:7      | Found a deep blue altar of Sif Muna.
  5412 | D:7      | Found Qatoaf's Quality Used Wands.
  5833 | D:8      | Noticed a two-headed ogre
  5840 | D:8      | Killed a two-headed ogre
  5840 | D:8      | Acquired Makhleb's second power
  5840 | D:8      | Reached skill level 12 in Axes
  5840 | D:8      | Reached XP level 9. HP: 44/71 MP: 8/8
  6307 | D:8      | Found a staircase to the Lair.
  6507 | D:8      | Reached skill level 13 in Axes
  6725 | D:8      | Found a glowing silver altar of Zin.
  7063 | D:9      | Noticed a centaur zombie
  7069 | D:9      | Killed a centaur zombie
  7069 | D:9      | Reached skill level 14 in Axes
  7221 | D:9      | Found Zyallaw's Book Boutique.
  7316 | D:9      | Found a glowing golden altar of the Shining One.
  7316 | D:9      | Found an iron altar of Okawaru.
  7357 | D:9      | Noticed a six-headed hydra
  7361 | D:9      | Killed a six-headed hydra
  7361 | D:9      | Reached XP level 10. HP: 75/84 MP: 9/9
  7383 | D:9      | Acquired Makhleb's third power
  7692 | Lair:1   | Entered Level 1 of the Lair of Beasts
  8425 | Lair:1   | Noticed a black mamba
  8429 | Lair:1   | Killed a black mamba
  8634 | Lair:1   | Reached skill level 10 in Fighting
  8988 | Lair:2   | Reached skill level 1 in Evocations
  9169 | Lair:2   | Noticed an elephant
  9170 | Lair:2   | Noticed an elephant
  9170 | Lair:2   | Noticed an elephant
  9190 | Lair:2   | Killed an elephant
  9192 | Lair:2   | Killed an elephant
  9195 | Lair:2   | Killed an elephant
  9195 | Lair:2   | Reached skill level 5 in Evocations
  9319 | Lair:2   | Acquired Makhleb's fourth power
  9332 | Lair:2   | Reached XP level 11. HP: 97/101 MP: 14/14
  9429 | Lair:2   | Reached skill level 1 in Invocations
  9530 | Lair:2   | Noticed a seven-headed hydra
  9548 | Lair:2   | Killed a nine-headed hydra
  9548 | Lair:2   | Reached skill level 5 in Invocations
 10121 | Lair:3   | Acquired Makhleb's fifth power
 10843 | Lair:4   | Found a staircase to the Shoals.
 10967 | Lair:4   | Reached skill level 10 in Invocations
 10969 | Lair:4   | Reached XP level 12. HP: 107/107 MP: 18/18
 12022 | Lair:5   | Noticed a seven-headed hydra
 12030 | Lair:5   | Killed a seven-headed hydra
 12323 | Lair:5   | You fall through a shaft for 2 floors!
 12331 | Lair:7   | Reached skill level 5 in Throwing
 13102 | Lair:7   | Found a staircase to the Slime Pits.
 13470 | Lair:8   | Entered Level 8 of the Lair of Beasts
 13551 | Lair:8   | Reached XP level 13. HP: 114/114 MP: 20/20
 14063 | Lair:8   | Noticed Josephine
 14264 | Lair:8   | Killed Josephine
 14373 | Lair:8   | Noticed an eight-headed hydra
 14383 | Lair:8   | Killed a 12-headed hydra
 14419 | Lair:8   | Noticed a dire elephant
 14468 | Lair:8   | Killed a dire elephant
 14686 | Lair:8   | Noticed a five-headed hydra
 14694 | Lair:8   | Killed an eight-headed hydra
 14723 | Lair:8   | Found a burning altar of Makhleb.
 14927 | Lair:8   | Found a gateway to Hell.
 15072 | Lair:8   | Noticed a fire dragon
 15090 | Lair:8   | Killed a fire dragon
 16150 | D:10     | Entered Level 10 of the Dungeon
 16599 | D:10     | Found a staircase to the Orcish Mines.
 17081 | D:11     | Reached XP level 14. HP: 126/133 MP: 21/21
 17284 | D:11     | Noticed Grum
 17288 | D:11     | Killed Grum
 17902 | D:12     | Found Likarodgh's General Store.
 17913 | D:12     | Bought a scroll of fog for 26 gold pieces
 17913 | D:12     | Bought a scroll of brand weapon for 260 gold pieces
 17913 | D:12     | Bought a cursed +7 rod of clouds (10/10) for 1391 gold pieces
 18328 | Lair:2   | Upgraded the game from 0.17-a0-622-g12d63cc to 0.17-a0-633-gcf22183
 18802 | D:12     | Found Umud Ank's Weapon Shoppe.
 19372 | D:12     | Found Ohutadu's Antique Armour Boutique.
 19380 | D:12     | Bought a pair of twisted gloves for 180 gold pieces
 19380 | D:12     | Bought a faintly glowing chain mail for 180 gold pieces
 19390 | D:12     | Identified the +2 pair of gloves "Ceaxamesk" {Str+3 Dex+3} (You bought it in a shop on level 12 of the Dungeon)
 19401 | D:12     | Identified the +1 chain mail of Depression {rPois} (You bought it in a shop on level 12 of the Dungeon)
 19468 | D:12     | Found Duarghuwn's Jewellery Boutique.
 19521 | D:12     | Identified the Catalogue of Sinister Self-Knowledge
 19606 | D:11     | Learned a level 3 spell: Regeneration
 19609 | D:11     | Learned a level 2 spell: Shroud of Golubria
 19840 | D:13     | Found a portal to a secret trove of treasure.
 20404 | D:13     | Reached skill level 10 in Evocations
 20479 | D:13     | Found a gate to the Vaults.
 20942 | D:14     | Found a frozen archway.
 20974 | IceCv    | Entered an ice cave
 21368 | IceCv    | Reached XP level 15. HP: 139/139 MP: 22/22
 21560 | IceCv    | Noticed a frost giant
 21585 | IceCv    | Killed a frost giant
 22361 | D:14     | Noticed Rupert
 22374 | D:14     | Killed Rupert
 22411 | D:15     | Entered Level 15 of the Dungeon
 22648 | D:15     | Reached skill level 15 in Axes
 23221 | Orc:1    | Entered Level 1 of the Orcish Mines
 24686 | Orc:3    | Reached skill level 16 in Axes
 25012 | Orc:2    | Noticed Urug
 25022 | Orc:2    | Killed Urug
 25140 | Orc:4    | Entered Level 4 of the Orcish Mines
 25333 | Orc:4    | Noticed Sonja
 25344 | Orc:4    | Killed Sonja
 25442 | Orc:4    | Found a staircase to the Elven Halls.
 25585 | Orc:4    | Found a roughly hewn altar of Beogh.
 25599 | Orc:4    | Found Rokuop's Assorted Antiques.
 25610 | Orc:4    | Bought a small brass ring for 175 gold pieces
 25610 | Orc:4    | Bought a scroll of magic mapping for 122 gold pieces
 25610 | Orc:4    | Bought a scroll of identify for 70 gold pieces
 25651 | Orc:4    | Found Kemevexa's Distillery.
 25665 | Orc:4    | Bought 2 potions of might for 104 gold pieces
 25665 | Orc:4    | Bought a potion of curing for 39 gold pieces
 25665 | Orc:4    | Bought a potion of curing for 39 gold pieces
 25665 | Orc:4    | Bought a potion of curing for 39 gold pieces
 25665 | Orc:4    | Bought a potion of curing for 39 gold pieces
 25696 | Orc:4    | Found a roughly hewn altar of Beogh.
 25956 | Orc:4    | Found a roughly hewn altar of Beogh.
 25978 | Orc:4    | Found a roughly hewn altar of Beogh.
 25979 | Orc:4    | Found Qedeta's Book Emporium.
 26023 | Orc:4    | Bought a manual of Fighting for 1656 gold pieces
 26189 | Orc:4    | Reached skill level 15 in Fighting
 26291 | Orc:4    | Found a roughly hewn altar of Beogh.
 26291 | Orc:4    | Found Xyahecut's Antique Armour Shoppe.
 26299 | Orc:4    | Found Acrihugi's Antique Weapon Emporium.
 27038 | Shoals:1 | Entered Level 1 of the Shoals
 27247 | Shoals:1 | Reached XP level 16. HP: 151/151 MP: 24/24
 27348 | Shoals:1 | Reached XP level 17. HP: 108/159 MP: 25/25
 27491 | Shoals:1 | Reached skill level 17 in Fighting
 27958 | Shoals:2 | Reached skill level 18 in Fighting
 28209 | Shoals:2 | Noticed Jorgrun
 28222 | Shoals:2 | Killed Jorgrun
 28360 | Shoals:2 | Reached skill level 19 in Fighting
 28448 | Shoals:2 | Found Ymugaji's Antique Armour Shoppe.
 28773 | Shoals:3 | Reached skill level 1 in Stealth
 29093 | Shoals:3 | Reached skill level 5 in Stealth
 30286 | Shoals:4 | Reached skill level 10 in Stealth
 30288 | Shoals:4 | Got a dazzling great mace {antimagic}
 30593 | Shoals:4 | Reached skill level 10 in Armour
 30857 | Shoals:5 | Entered Level 5 of the Shoals
 30859 | Shoals:5 | Noticed Ilsuiw
 31052 | Shoals:5 | Killed Ilsuiw
 31226 | Shoals:5 | Reached XP level 18. HP: 151/176 MP: 26/26
 32179 | Shoals:5 | Got a barnacled rune of Zot
 33787 | Vaults:1 | Entered Level 1 of the Vaults
 34061 | Vaults:1 | Noticed Aizul
 34078 | Vaults:1 | Killed Aizul
 34630 | Vaults:1 | Reached skill level 10 in Throwing
 34636 | Vaults:1 | Noticed a lich
 34665 | Vaults:1 | Cast into the Abyss (a lich)
 34704 | Abyss:1  | Found a basalt altar of Yredelemnul.
 34766 | Abyss:1  | HP: 3/176 [Executioner (7)]
 34774 | Abyss:1  | Slain by an Executioner

Action                   |  1- 3 |  4- 6 |  7- 9 | 10-12 | 13-15 | 16-18 || total
-------------------------+-------+-------+-------+-------+-------+-------++-------
Melee: War axe           |    72 |   152 |   217 |   455 |  1371 |   864 ||  3131
 Fire: Blowgun           |       |       |       |       |    33 |    19 ||    52
Throw: Tomahawk          |       |     5 |    20 |    11 |    57 |    76 ||   169
       Throwing net      |       |       |       |       |     1 |       ||     1
       Javelin           |       |       |       |       |       |    58 ||    58
Invok: Major Destruction |       |       |       |       |       |     4 ||     4
 Abil: Evoke Flight      |       |       |       |       |     4 |    52 ||    56
Evoke: Wand              |       |       |     7 |    13 |    18 |     1 ||    39
       Rod               |       |       |       |       |     5 |     3 ||     8
  Use: Scroll            |       |       |    17 |    10 |    17 |     8 ||    52
       Potion            |       |       |     2 |     1 |     4 |     9 ||    16
 Stab: Distracted        |       |       |       |       |     1 |       ||     1
       Confused          |       |       |       |       |     3 |       ||     3
       Invisible         |       |       |       |       |     2 |     9 ||    11
  Eat: Chunk             |     1 |     6 |    14 |    19 |    46 |    34 ||   120
       Royal jelly       |       |       |       |       |     1 |       ||     1
       Pizza             |       |       |       |       |       |     1 ||     1
